Map: Neon Violet Square LE

Players

ILIEKEGGPIE

  • Race: Protoss Protoss
  • League: Platinum
  • Spawn Location: 11:00

Canopus - Winner!

  • Race: Terran Terran
  • League: Platinum
  • Spawn Location: 5:00

VOD

Have the link to the VOD?

Description

Time

  • Played on: April 5, 2018, 8 p.m.
  • Length: 10:33
Show
View Real Time Build Order
Export as new Build Order

ILIEKEGGPIE Protoss 

Build Orders:  

Get SALT Encoding   

  12  0:00  Probe  
  13  0:12  Probe  
  14  0:18  Pylon  
  14  0:25  Probe (Chrono Boost)  
  15  0:38  Probe (Chrono Boost)  
  15  0:39  Gateway  
  16  0:46  Assimilator  
  16  0:47  Probe  
  17  0:59  Probe  
  18  1:11  Probe  
  19  1:16  Gateway  
  19  1:23  Probe  
  20  1:35  Probe  
  21  1:47  Probe  
  21  1:50  Pylon  
  22  1:59  Probe  
  23  2:07  Cybernetics Core  
  22  2:21  Assimilator  
  22  2:41  Nexus  
  22  2:48  Stalker  
  24  2:58  Warp Gate (Chrono Boost)  
  24  3:00  Stalker  
  25  3:46  Stalker  
  25  3:47  Stalker  
  29  3:58  Stargate  
  29  4:04  Probe (Chrono Boost)  
  29  4:08  Probe (Chrono Boost)  
  31  4:15  Probe (Chrono Boost)  
  32  4:22  Probe (Chrono Boost)  
  32  4:23  Probe (Chrono Boost)  
  35  4:31  Probe (Chrono Boost)  
  35  4:34  Probe (Chrono Boost)  
  36  4:43  Probe  
  36  4:44  Robotics Facility  
  36  4:45  Pylon  
  37  4:47  Oracle (Chrono Boost)  
  37  4:48  Gateway  
  40  4:57  Probe (Chrono Boost)  
  42  5:03  Pylon, Probe (Chrono Boost)  
  42  5:12  Probe (Chrono Boost)  
  42  5:14  Probe  
  44  5:19  Assimilator  
  44  5:24  Assimilator  
  44  5:26  Probe  
  45  5:33  Observer (Chrono Boost)  
  46  5:43  Forge  
  46  5:46  Robotics Bay  
  46  5:50  Probe (Chrono Boost)  
  46  5:55  Probe (Chrono Boost)  
  48  5:59  Probe (Chrono Boost)  
  50  6:05  Probe (Chrono Boost)  
  50  6:07  Probe (Chrono Boost)  
  50  6:10  Protoss Ground Weapons Level 1 (Chrono Boost)  
  48  6:17  Probe (Chrono Boost)  
  50  6:18  Probe (Chrono Boost)  
  50  6:20  Pylon  
  50  6:22  Immortal  
  54  6:27  Probe x2  
  57  6:40  Probe x2  
  57  6:45  Robotics Bay  
  58  6:52  Probe x2  
  60  6:56  Nexus  
  60  6:59  Pylon  
  60  7:07  Gateway x2  
  58  7:19  Stalker x3  
  63  7:32  Colossus (Chrono Boost)  
  69  7:39  Extended Thermal Lance (Chrono Boost)  
  69  7:59  Assimilator  
  69  8:02  Assimilator, Pylon  
  69  8:03  Stalker x3  
  75  8:15  Protoss Ground Armor Level 1  
  75  8:27  Stalker  
  75  8:28  Stalker, Zealot x3  
  85  8:35  Probe x2  
  87  9:03  Zealot x5  
  97  9:13  Probe  
  97  9:14  Twilight Council  
  98  9:22  Pylon  
  98  9:23  Pylon  
  98  9:27  Probe (Chrono Boost)  
  100  9:32  Probe (Chrono Boost)  
  100  9:36  Colossus (Chrono Boost)  
  98  9:40  Probe (Chrono Boost)  
  73  10:01  Stalker x5  
Show
View Real Time Build Order
Export as new Build Order

Canopus Terran - Winner!

Build Orders:  

Get SALT Encoding   

  12  0:02  SCV  
  13  0:14  SCV  
  14  0:20  Supply Depot  
  14  0:26  SCV  
  15  0:29  Refinery  
  15  0:42  SCV  
  16  0:46  Barracks  
  16  0:54  SCV  
  17  1:08  SCV  
  18  1:21  SCV  
  19  1:35  Command Center  
  20  1:41  Reaper  
  20  1:44  Supply Depot  
  20  2:03  Orbital Command  
  20  2:18  Refinery  
  20  2:29  SCV  
  21  2:36  Factory  
  21  2:41  SCV  
  22  2:50  Orbital Command  
  22  2:53  SCV  
  23  3:22  SCV x2  
  25  3:34  SCV  
  25  3:36  SCV  
  25  3:39  Factory Tech Lab  
  26  3:45  Starport  
  26  3:46  SCV  
  27  3:49  SCV  
  27  3:55  Supply Depot x2  
  28  3:58  Barracks, SCV  
  28  3:59  Siege Tank  
  28  4:01  SCV  
  33  4:05  Liberator  
  33  4:09  Barracks Tech Lab  
  33  4:10  SCV  
  33  4:13  SCV  
  35  4:20  Supply Depot  
  35  4:22  SCV  
  39  4:27  Barracks  
  39  4:31  Siege Tank  
  42  4:38  Stimpack, Marine  
  42  4:43  SCV x2  
  45  4:49  Refinery  
  45  4:54  Refinery  
  45  4:55  SCV x2  
  45  4:56  Barracks Reactor  
  47  5:00  Barracks  
  47  5:03  Marine  
  47  5:06  Siege Tank  
  51  5:07  SCV  
  51  5:11  SCV  
  53  5:19  SCV  
  53  5:21  Barracks Reactor, Marine  
  55  5:23  Starport Reactor, SCV  
  55  5:26  Engineering Bay  
  56  5:31  SCV  
  56  5:35  SCV  
  58  5:38  Marine  
  58  5:39  Marauder, Marine  
  58  5:40  Siege Tank  
  65  5:43  SCV  
  65  5:46  Supply Depot  
  65  5:47  Supply Depot x2, SCV  
  67  5:53  Engineering Bay  
  67  5:56  SCV  
  67  6:00  Marauder  
  68  6:09  SCV x2  
  70  6:18  Medivac x2  
  70  6:21  Barracks Tech Lab  
  74  6:27  Terran Infantry Weapons Level 1, Terran Infantry Armor Level 1  
  74  6:28  Supply Depot  
  74  6:29  Marauder, Marine  
  74  6:30  Marine x3  
  80  6:39  Siege Tank  
  83  6:42  Command Center  
  83  6:50  Marauder  
  83  6:51  Marine x2  
  83  6:52  Marauder, Marine x2  
  91  6:55  Medivac  
  93  7:12  Marauder  
  93  7:13  Marine  
  93  7:14  Marauder, Marine x3  
  101  7:31  Marine  
  102  7:39  Supply Depot x2  
  102  7:40  Supply Depot  
  102  7:53  Marine x4  
  102  7:54  Marauder x2, Medivac x2  
  102  7:58  Armory  
  114  8:11  Marine x4  
  118  8:15  Marauder x2  
  118  8:19  Orbital Command  
  122  8:21  SCV x2  
  122  8:24  Medivac x2  
  128  8:30  Missile Turret  
  128  8:33  SCV x2  
  130  8:45  SCV x2  
  132  8:57  SCV  
  132  8:59  Missile Turret  
  133  9:03  Starport  
  133  9:23  Missile Turret  
  130  9:54  Missile Turret  
Tags
 
Add a new tag
Caveats
  • Supply blocks, unpowered buildings, or Contaminate may cause inaccurate times.
  • Supply counts are checked every 10 seconds.